 Dungeon Crawl Stone Soup version 0.24-a0-445-gd5110b030a (webtiles) character file.

Game seed: 6626559247532050100

84731 KinglerCrab0 the Fighter (level 15, -17/114 HPs)
             Began as a Merfolk Skald on June 22, 2019.
             Was the Champion of Hepliaklqana.
             Killed from afar by Nikola (33 damage)
             ... with a bolt of lightning
             ... on level 2 of the Shoals.
             The game lasted 01:55:05 (25837 turns).

KinglerCrab0 the Fighter (Merfolk Skald)           Turns: 25837, Time: 01:55:07

Health: -17/114    AC: 13    Str: 16    XL:     15   Next: 81%
Magic:  15/21      EV: 24    Int: 15    God:    Hepliaklqana [******]
Gold:   2108       SH: 12    Dex: 13    Spells: 7/22 levels left

rFire    . . .     SeeInvis .   I - +2 trident (venom)
rCold    . . .     Gourm    .   R - +0 shield
rNeg     . . .     Faith    .   h - +1 leather armour {MR+}
rPois    .         Spirit   .   Y - +2 helmet
rElec    .         Reflect  .   U - +0 cloak
rCorr    .         Harm     .   b - +2 pair of gloves
MR       ++...                  (boots currently unavailable)
Stlth    ++........             f - amulet of regeneration
HPRegen  0.69/turn              w - +2 ring of protection
MPRegen  0.17/turn              n - +3 ring of evasion

@: very slightly contaminated, very quick
A: change form in water, swift swim, stealthy swim, reduced essence
a: Recall Ancestor, Ancestor Identity, Transference, Idealise, Renounce Religion


You were on level 2 of the Shoals.
You worshipped Hepliaklqana.
Hepliaklqana was exalted by your worship.
You were very hungry.

You visited 4 branches of the dungeon, and saw 25 of its levels.
You also visited: Gauntlet.

You collected 2108 gold pieces.

Inventory:

Hand Weapons
 a - a cursed +5 halberd of flaming
 I - a +2 trident of venom (weapon)
Missiles
 o - 4 throwing nets (quivered)
Armour
 b - a +2 pair of gloves (worn)
 h - a +1 leather armour of magic resistance (worn)
 C - a +0 leather armour of fire resistance
 R - a +0 shield (worn)
 U - a +0 cloak (worn)
 Y - a +2 helmet (worn)
Jewellery
 c - an uncursed amulet of rage
 f - an amulet of regeneration (around neck)
 g - an uncursed ring of protection from fire
 j - an uncursed ring of protection from fire
 n - a +3 ring of evasion (right hand)
 w - a +2 ring of protection (left hand)
 x - the amulet "Weuk" {+Fly rN+++ MR- Regen+ Dex-2 Stlth+}
   (You found it in a Gauntlet)

   [amulet of regeneration]

   It affects your dexterity (-2).
   It renders you almost immune to negative energy.
   It affects your resistance to hostile enchantments.
   It lets you fly.
   It increases your rate of regeneration.
   It makes you more stealthy.
Wands
 l - a wand of enslavement (13)
 t - a wand of disintegration (25)
 L - a wand of flame (68)
 O - a wand of polymorph (6)
 Q - a wand of acid (4)
 S - a wand of paralysis (21)
 W - a wand of iceblast (15)
 Z - a wand of scattershot (3)
Scrolls
 i - 3 scrolls of teleportation
 v - a scroll of fog
 y - 2 scrolls of blinking
 A - 12 scrolls of remove curse
 E - 3 scrolls of magic mapping
 H - 5 scrolls of identify
 J - a scroll of fear
 T - a scroll of enchant armour
Potions
 e - a potion of flight
 k - a potion of resistance
 m - a potion of mutation
 p - 15 potions of curing
 q - a potion of berserk rage
 r - a potion of cancellation
 s - a potion of invisibility
 B - 2 potions of brilliance
 D - 4 potions of magic
 K - a potion of lignification
 M - a potion of haste
 P - 3 potions of heal wounds
 X - a potion of agility
Miscellaneous
 V - a phantom mirror
Comestibles
 d - 37 rations


   Skills:
 + Level 14.9 Fighting
 - Level 14.0 Polearms
 - Level 0.6 Armour
 - Level 10.2 Dodging
 * Level 12.5 Shields
 - Level 4.0 Spellcasting
 - Level 7.0 Hexes
 - Level 7.0 Charms
 - Level 7.0 Necromancy
 + Level 3.3 Translocations
 + Level 8.9 Invocations
 - Level 5.0 Evocations


You had 7 spell levels left.
You knew the following spells:

 Your Spells              Type           Power        Failure   Level  Hunger
a - Apportation           Tloc           ##....       8%          1    None
b - Song of Slaying       Chrm           ###.....     2%          2    ##.....
c - Spectral Weapon       Hex/Chrm       ###.....     4%          3    ###....
d - Regeneration          Chrm/Necr      ###.......   4%          3    ###....
e - Blink                 Tloc           N/A          12%         2    ##.....
f - Passage of Golubria   Tloc           N/A          58%         4    ####...

Your spell library contained the following spells:

 Spells                   Type           Power        Failure   Level  Hunger
 Animate Skeleton         Necr           N/A          1%          1    None
 Confusing Touch          Hex            ###...       1%          1    None
 Corona                   Hex            ###....      1%          1    None
 Infusion                 Chrm           ###.         1%          1    None
 Confuse                  Hex            ###.....     4%          3    ###....
 Tukima's Dance           Hex            ###.....     4%          3    ###....
 Shroud of Golubria       Chrm/Tloc      ###...       5%          2    ##.....
 Ensorcelled Hibernation  Hex/Ice        ##....       11%         2    ##.....
 Animate Dead             Necr           N/A          17%         4    ####...
 Dazzling Spray           Conj/Hex       ##....       22%         3    ###....
 Gell's Gravitas          Tloc           ##........   22%         3    ###....
 Lesser Beckoning         Tloc           ##........   22%         3    ###....
 Ozocubu's Armour         Chrm/Ice       ##......     22%         3    ###....
 Summon Guardian Golem    Hex/Summ       ##......     22%         3    ###....
 Teleport Other           Tloc           ##......     22%         3    ###....
 Freeze                   Ice            #...         30%         1    None
 Sting                    Conj/Pois      #...         30%         1    None
 Summon Small Mammal      Summ           #...         30%         1    None
 Call Imp                 Summ           #.......     41%         2    ##.....
 Poisonous Vapours        Pois/Air       #.....       41%         2    ##.....
 Throw Frost              Conj/Ice       #.....       41%         2    ##.....
 Recall                   Summ/Tloc      N/A          41%         3    ###....
 Call Canine Familiar     Summ           #.......     65%         3    ###....
 Conjure Flame            Conj/Fire      #.......     65%         3    ###....
 Mephitic Cloud           Conj/Pois/Air  #.......     65%         3    ###....
 Borgnjor's Vile Clutch   Necr/Erth      ##........   89%         5    ######.
 Death Channel            Necr           ###.......   95%         6    #######
 Olgreb's Toxic Radiance  Pois           #.......     96%         4    ####...
 Summon Ice Beast         Ice/Summ       #.......     96%         4    ####...
 Summon Lightning Spire   Summ/Air       #.......     96%         4    ####...
 Throw Icicle             Conj/Ice       #.......     96%         4    ####...
 Venom Bolt               Conj/Pois      #.........   100%        5    ######.
 Freezing Cloud           Conj/Ice/Air   #.........   100%        6    #######
 Simulacrum               Ice/Necr       ##........   100%        6    #######
 Ring of Flames           Chrm/Fire      ##........   100%        7    #######


Dungeon Overview and Level Annotations

Branches:
Dungeon (15/15)            Temple (0/1) D:4            Lair (6/6) D:11
 Shoals (2/4) Lair:4       Spider (0/4) Lair:4        Slime (0/5) Lair:5
    Orc (2/2) D:9          Vaults (0/5) D:13         Depths (0/5) D:15
    Elf: Orc:2

Altars:
Dithmenos
Fedhas
Gozag
Hepliaklqana
Kikubaaqudgha
Makhleb
Qazlal
Xom
Yredelemnul

Portals:
Trove: D:13 (give horn of Geryon)

Annotations:
D:1 exclusion: downstairs
D:3 exclusion: downstairs
D:4 exclusion: downstairs
D:5 Sigmund
D:10 exclusion: downstairs
D:11 exclusion: downstairs
D:14 exclusion: Roxanne, Roxanne
Lair:6 2 exclusions
Shoals:2 Nikola


Message History

You hear a mighty clap of thunder!
The lightning arc hits you!!
The lightning arc hits your spectral weapon!
Your spectral weapon resists.
Your spectral weapon fades away.
The lightning arc hits the merfolk!!
The lightning arc hits you!!
* * * LOW HITPOINT WARNING * * *
The lightning arc hits the merfolk!!
You hear a bleat!
You hear a shout!
You hear a screech!
You hear an angry hiss.
You hear a shout! x3
Blink to where?
Press: ? - help, Dir - move target cursor, p - Nikola Your legs become a tail as you dive into the water.
You are very lightly contaminated with residual magic.
As you read the scroll of blinking, it crumbles to dust.
A faun comes into view. It is wielding a +0 quarterstaff.
Baqqanum hits Nikola with a +0 dagger of draining!
Nikola gestures at you while chanting. The bolt of lightning hits you!!
You die...

≈≈≈≈..≈≈≈≈≈≈≈≈≈≈≈≈≈
≈≈≈.:..§@≈≈≈≈≈≈≈≈≈≈
.......≈≈R≈≈≈≈≈≈≈≈≈
<.....≈≈≈(....≈≈≈≈≈ ≈
#.##....≈(....≈≈≈≈≈≈≈
≈≈... ##(..≈≈.(...≈≈≈≈≈≈
≈≈... ##..≈≈≈(###..≈≈≈≈≈
≈≈... #..≈≈≈≈.# ≈..≈≈≈
≈≈...###.@≈≈>.)####...≈≈≈
≈≈≈≈≈...≈≈≈≈...)(...≈≈≈≈≈
≈≈≈≈≈≈..≈≈[........≈≈≈≈≈≈
≈≈≈.≈≈..).....#...≈≈≈≈≈≈≈
.......(####.##..≈≈≈≈≈≈≈≈
..≈.c....# #....≈≈≈≈≈≈≈≈≈
........####......≈≈≈≈≈≈≈
≈...####.......##.≈≈≈≈≈≈≈
.≈. ##.......###..≈≈≈≈≈


You could see the friendly Baqqanum the hexer, Nikola and a faun.

Vanquished Creatures
  A minotaur (Gauntlet)
  4 vault guards (D:13)
  Josephine (Lair:5)
  7 hydras
  A catoblepas (Lair:6)
  Erolcha (D:13)
  A merfolk avatar (Shoals:1)
  3 two-headed ogres
  2 centaur warriors
  3 death yaks (Lair:6)
  A satyr (Shoals:2)
  A deep troll shaman (Lair:6)
  A tengu warrior (D:13)
  An unseen horror (D:14)
  2 sea snakes (Shoals:1)
  3 skeletal warriors
  A necromancer (D:15)
  8 harpies
  4 cyclopes
  2 fauns (Shoals:2)
  6 ugly things
  2 manticores
  11 elephants (Lair:6)
  2 black mambas
  Maurice (D:8)
  3 merfolk sirens
  A water nymph (Shoals:1)
  A torpor snail (Lair:5)
  A gargoyle (D:11)
  12 spiny frogs
  7 komodo dragons
  A redback zombie (D:14)
  A hellwing (Gauntlet)
  A harpy zombie (D:13)
  3 trolls
  2 polar bears
  A meliai (shapeshifter) (D:13)
  A guardian mummy (D:13)
  2 merfolk (Shoals:1)
  A hornet (D:9)
  17 blink frogs
  A snapping turtle (Shoals:1)
  9 dream sheep
  4 slime creatures
  6 hippogriffs
  6 flying skulls (Gauntlet)
  46 yaks
  7 wraiths
  2 basilisks (Lair:3)
  4 wyverns
  2 hungry ghosts
  A steam dragon (Lair:3)
  3 vampire mosquitoes (D:13)
  An acid dragon (D:12)
  6 porcupines
  9 water moccasins
  16 orc warriors
  5 black bears
  An ice beast (D:6)
  3 sky beasts
  2 eyes of draining
  9 ogres
  A phantom (D:10)
  9 centaurs
  8 wolves
  16 crocodiles
  An elf zombie (D:8)
  19 bullfrogs
  4 killer bees (D:8)
  A scorpion (D:13)
  8 wights
  2 howler monkeys
  4 centaur zombies
  5 crimson imps
  4 bullfrog zombies
  2 human zombies (D:8)
  3 quasits
  11 orc priests
  5 hounds
  6 jellies
  2 centaur skeletons
  16 orc wizards
  An iguana (D:6)
  A human skeleton (D:8)
  3 worker ants
  A killer bee zombie (D:6)
  An ogre zombie (D:8)
  An ogre skeleton (D:8)
  A hound skeleton (D:5)
  2 mummies (D:8)
  2 worker ant zombies
  6 gnolls
  5 adders
  A shadow imp (D:12)
  4 oozes
  6 adder zombies
  An adder skeleton (D:6)
  3 worms
  2 dart slugs
  2 leopard geckos
  56 orcs
  12 giant cockroaches
  9 goblins
  7 hobgoblins
  10 jackals
  4 quokkas
  A ball python (D:3)
  A ball python skeleton (D:5)
  2 bats (D:1)
  8 frilled lizards
  3 jackal skeletons
  6 kobolds
  A leopard gecko skeleton (D:6)
  3 leopard gecko zombies (D:6)
  An orc zombie (D:8)
  4 rats
  A plant (Lair:6)
  A spectral weapon (D:13)
568 creatures vanquished.

Vanquished Creatures (collateral kills)
  A tengu warrior (D:13)
  A two-headed ogre (D:13)
  2 skeletal warriors (D:14)
  A faun (Shoals:2)
  2 ugly things
  A cyclops (D:14)
  3 elephants (Lair:6)
  2 black mambas
  A spiny frog (Lair:3)
  A polar bear (Lair:6)
  A slime creature (D:12)
  2 hippogriffs
  2 blink frogs
  A water elemental (Shoals:2)
  5 yaks
  A wraith (Lair:6)
  A basilisk (Lair:6)
  A warg (Orc:1)
  An orc warrior (D:9)
  A sky beast (D:7)
  A phantom (D:4)
  A necrophage (D:8)
  A wolf (Lair:2)
  3 crocodiles
  2 ogres
  2 bullfrogs
  A gnoll sergeant (D:8)
  2 bullfrog zombies
  A crimson imp (D:11)
  A hound (D:8)
  2 orc priests
  4 jellies
  5 orc wizards
  2 iguanas
  A worker ant (D:11)
  A gnoll (D:8)
  2 adders
  A shadow imp (D:5)
  2 oozes (D:8)
  A leopard gecko (D:9)
  21 orcs
  3 bats
  4 jackals
  A kobold (D:3)
  4 quokkas
  2 frilled lizards
  A jackal zombie (D:6)
  2 rats
  A fungus (Lair:4)
  A plant (Shoals:1)
107 creatures vanquished.

Vanquished Creatures (others)
  26 hexers
  An ancestor (D:2)
  5 fungi
  11 plants
  36 spectral weapons
  2 withered plants (Gauntlet)
81 creatures vanquished.

Grand Total: 756 creatures vanquished

Notes
Turn   | Place    | Note
-------+----------+-------------------------------------------
     0 | D:1      | KinglerCrab0 the Merfolk Skald began the quest for the Orb.
     0 | D:1      | Reached XP level 1. HP: 16/16 MP: 3/3
   390 | D:1      | Reached XP level 2. HP: 22/22 MP: 5/5
  1031 | D:1      | Reached skill level 5 in Polearms
  1031 | D:1      | Reached XP level 3. HP: 22/27 MP: 2/6
  1377 | D:1      | Learned a level 2 spell: Song of Slaying
  1424 | D:2      | Found a burning altar of Makhleb.
  1509 | D:2      | Found an ancient bone altar of Kikubaaqudgha.
  1509 | D:2      | Found a blossoming altar of Fedhas.
  1522 | D:2      | Found a stormy altar of Qazlal.
  1526 | D:2      | Found a hazy altar of Hepliaklqana.
  1535 | D:2      | Became a worshipper of Hepliaklqana the Forgotten
  1618 | D:2      | Reached XP level 4. HP: 29/29 MP: 7/7
  1850 | D:2      | Noticed an ogre
  2476 | D:3      | Learned a level 3 spell: Spectral Weapon
  2555 | D:3      | Reached XP level 5. HP: 34/34 MP: 2/8
  2558 | D:3      | Reached skill level 1 in Hexes
  2765 | D:3      | Reached * piety under Hepliaklqana
  2943 | D:4      | Found a staircase to the Ecumenical Temple.
  2955 | D:4      | Noticed an ogre
  2979 | D:4      | Noticed a hungry ghost
  2993 | D:3      | Killed a hungry ghost
  2993 | D:3      | Reached XP level 6. HP: 36/39 MP: 3/9
  3187 | D:4      | Noticed a phantom
  3236 | D:4      | Killed a phantom
  3676 | D:4      | Reached ** piety under Hepliaklqana
  3790 | D:5      | Entered Level 5 of the Dungeon
  3843 | D:5      | Reached XP level 7. HP: 45/45 MP: 7/10
  3886 | D:4      | Remembered your ancestor Baqqanum as a hexer
  4030 | D:4      | Reached skill level 5 in Charms
  4126 | D:5      | Reached skill level 5 in Hexes
  4650 | D:5      | Noticed Sigmund
  5311 | D:5      | Reached XP level 8. HP: 32/50 MP: 7/11
  5431 | D:5      | Found an opulent altar of Gozag.
  5850 | D:6      | Learned a level 3 spell: Regeneration
  5927 | D:6      | Reached *** piety under Hepliaklqana
  5984 | D:6      | Reached skill level 10 in Polearms
  6020 | D:6      | Reached skill level 1 in Necromancy
  6295 | D:6      | Found a shadowy altar of Dithmenos.
  6398 | D:6      | Reached XP level 9. HP: 60/60 MP: 10/13
  6501 | D:6      | Reached skill level 5 in Fighting
  6695 | D:7      | You fall into a shaft and drop 1 floor!
  6737 | D:8      | Got a jewelled mace
  7055 | D:8      | Noticed Maurice
  7071 | D:8      | Killed Maurice
  7174 | D:8      | Reached XP level 10. HP: 69/69 MP: 12/16
  7628 | D:8      | Found a basalt altar of Yredelemnul.
  8374 | D:9      | Found a shimmering altar of Xom.
  8374 | D:9      | Found a shimmering altar of Xom.
  8374 | D:9      | Found a shimmering altar of Xom.
  8375 | D:9      | Found a shimmering altar of Xom.
  8379 | D:9      | Found a shimmering altar of Xom.
  8387 | D:9      | Found a shimmering altar of Xom.
  9066 | D:9      | Found a staircase to the Orcish Mines.
  9157 | D:10     | Entered Level 10 of the Dungeon
  9185 | D:10     | Reached **** piety under Hepliaklqana
  9225 | D:10     | Reached skill level 10 in Fighting
  9336 | D:10     | Reached XP level 11. HP: 81/81 MP: 8/17
  9650 | D:10     | Noticed an eight-headed hydra
 10100 | D:7      | You fall into a shaft and drop 1 floor!
 10758 | D:10     | Learned a level 1 spell: Apportation
 11246 | D:10     | Killed an eight-headed hydra
 11246 | D:10     | Reached skill level 5 in Dodging
 11376 | D:11     | Found a staircase to the Lair.
 11376 | D:11     | Noticed a red ugly thing
 11376 | D:11     | Noticed a cyclops
 11470 | D:11     | Found a gate leading to a gauntlet.
 11482 | Gauntlet | Entered a Gauntlet
 11482 | Gauntlet | Found a transporter.
 11482 | Gauntlet | Found a transporter.
 11486 | Gauntlet | Reached ***** piety under Hepliaklqana
 11487 | Gauntlet | Found a transporter.
 11502 | Gauntlet | Found a transporter.
 11515 | Gauntlet | Noticed a catoblepas
 11522 | Gauntlet | Found a transporter.
 11529 | Gauntlet | Found a transporter.
 11544 | Gauntlet | Noticed a reaper
 11545 | Gauntlet | Found a transporter.
 11611 | Gauntlet | Found a transporter.
 11611 | Gauntlet | Noticed a wizard
 11626 | Gauntlet | Found a transporter.
 11648 | Gauntlet | Found a transporter.
 11649 | Gauntlet | Noticed a ghost crab
 11655 | Gauntlet | Found a transporter.
 11657 | Gauntlet | Noticed a sixfirhy
 11670 | Gauntlet | Noticed a ghost crab
 11685 | Gauntlet | Noticed a sixfirhy
 11738 | Gauntlet | Found a transporter.
 11741 | Gauntlet | Found a transporter.
 11746 | Gauntlet | Noticed a queen ant
 11749 | Gauntlet | Found a transporter.
 11751 | Gauntlet | Noticed an alligator
 11751 | Gauntlet | a queen ant changed into an alligator
 11752 | Gauntlet | Found a transporter.
 11752 | Gauntlet | an alligator changed into a slime creature
 11755 | Gauntlet | Noticed a shock serpent
 11755 | Gauntlet | a floating eye changed into a shock serpent
 11760 | Gauntlet | Found a transporter.
 11761 | Gauntlet | Noticed a salamander
 11770 | Gauntlet | Noticed a harpy
 11770 | Gauntlet | a wind drake changed into a harpy
 11772 | Gauntlet | Noticed a moth of wrath
 11772 | Gauntlet | an elephant changed into a moth of wrath
 11773 | Gauntlet | a moth of wrath changed into a yaktaur
 11784 | Gauntlet | Noticed a sea snake
 11784 | Gauntlet | an elephant changed into a sea snake
 11787 | Gauntlet | a sea snake changed into a floating eye
 11788 | Gauntlet | Noticed a glowing shapeshifter
 11788 | Gauntlet | a floating eye changed into a glowing shapeshifter
 11789 | Gauntlet | Noticed a glowing orange brain
 11789 | Gauntlet | a glowing shapeshifter changed into a glowing orange brain
 11791 | Gauntlet | a glowing orange brain changed into a floating eye
 11960 | Gauntlet | Noticed a moth of wrath
 11972 | Gauntlet | Noticed a death drake
 11976 | Gauntlet | a death drake changed into a hippogriff
 11999 | Gauntlet | Noticed a harpy
 11999 | Gauntlet | Noticed an orb spider
 12004 | Gauntlet | Noticed an orb spider
 12004 | Gauntlet | a troll changed into an orb spider
 12005 | Gauntlet | an orb spider changed into a raiju
 12008 | Gauntlet | a harpy changed into a blink frog
 12017 | Gauntlet | an orb spider changed into a rime drake
 12021 | Gauntlet | Got a translucent steel amulet
 12073 | Gauntlet | Noticed a faun
 12076 | Gauntlet | a faun changed into an elephant
 12106 | Gauntlet | Noticed a fire crab
 12106 | Gauntlet | an eye of draining changed into a fire crab
 12109 | Gauntlet | a fire crab changed into a dream sheep
 12112 | Gauntlet | Noticed a fire crab
 12112 | Gauntlet | a hippogriff changed into a fire crab
 12115 | Gauntlet | a fire crab changed into a guardian serpent
 12128 | Gauntlet | Noticed a swamp dragon
 12128 | Gauntlet | a tarantella changed into a swamp dragon
 12132 | Gauntlet | a swamp dragon changed into a dream sheep
 12154 | Gauntlet | Got a transparent plate armour
 12270 | Gauntlet | Identified the amulet "Weuk" {+Fly rN+++ MR- Regen+ Dex-2
                  | Stlth+} (You found it in a Gauntlet)
 12305 | Gauntlet | Noticed a minotaur
 12346 | Gauntlet | Killed a minotaur
 12618 | D:11     | Killed a cyclops
 12618 | D:11     | Reached skill level 1 in Translocations
 12626 | D:11     | Killed a red ugly thing
 12660 | D:11     | You fall into a shaft and drop 2 floors!
 12670 | D:13     | Noticed a centaur warrior
 12671 | D:13     | Noticed Erolcha
 12749 | D:13     | Reached XP level 12. HP: 47/91 MP: 14/18
 12775 | D:13     | Reached skill level 10 in Dodging
 12914 | D:13     | Noticed a two-headed ogre
 12927 | D:13     | Killed a two-headed ogre
 12927 | D:13     | Reached skill level 1 in Shields
 13168 | D:11     | Noticed a two-headed ogre
 13236 | Lair:1   | Entered Level 1 of the Lair of Beasts
 13586 | Lair:1   | Reached skill level 1 in Evocations
 14693 | Lair:2   | Noticed a six-headed hydra
 14702 | Lair:2   | Killed a six-headed hydra
 15155 | Lair:3   | Reached skill level 5 in Shields
 15290 | Lair:3   | Reached skill level 5 in Necromancy
 15301 | Lair:3   | Reached XP level 13. HP: 44/98 MP: 19/19
 15380 | Lair:3   | Reached ****** piety under Hepliaklqana
 15481 | Lair:3   | Reached skill level 1 in Invocations
 16427 | Lair:4   | Found a staircase to the Shoals.
 16836 | Lair:4   | Found a hole to the Spider Nest.
 17101 | Lair:5   | You fall into a shaft and drop 1 floor!
 17101 | Lair:6   | Entered Level 6 of the Lair of Beasts
 17368 | Lair:5   | Noticed Josephine
 17977 | Lair:5   | Reached skill level 5 in Evocations
 18000 | Lair:5   | Identified the +8 plate armour "Joevoesh" {rF+} (You found
                  | it in a Gauntlet)
 18056 | Lair:5   | Reached XP level 14. HP: 106/106 MP: 16/20
 18059 | Lair:5   | Found a staircase to the Slime Pits.
 18287 | Lair:5   | Killed Josephine
 18370 | Lair:5   | You fall into a shaft and drop 1 floor!
 18720 | Lair:6   | Reached skill level 5 in Invocations
 20831 | D:12     | Reached skill level 10 in Shields
 21237 | D:13     | Killed Erolcha
 21459 | D:13     | Found a gate to the Vaults.
 21568 | D:13     | Reached XP level 15. HP: 109/113 MP: 17/21
 21848 | D:13     | Found a portal to a secret trove of treasure.
 22638 | D:14     | Noticed Roxanne
 23256 | D:15     | Entered Level 15 of the Dungeon
 23395 | D:15     | Found a staircase to the Depths.
 23395 | D:15     | Noticed a fire giant
 23676 | D:15     | Learned a level 2 spell: Blink
 23681 | D:15     | Learned a level 4 spell: Passage of Golubria
 24206 | Orc:1    | Entered Level 1 of the Orcish Mines
 24444 | Orc:2    | Entered Level 2 of the Orcish Mines
 24455 | Orc:2    | Noticed an orc warlord
 24670 | Shoals:1 | Entered Level 1 of the Shoals
 25811 | Shoals:2 | Noticed Nikola
 25837 | Shoals:2 | Killed from afar by Nikola

Levels and vault maps discovered:
D:1:      tarquinn_simple_flora_water_d, layout_loops_corners,
          hangedman_glass_teeth
D:2:      layout_loops_ring, minmay_overflow_temple_star_hex, first_ration
D:3:      layout_rooms, serial_corexii_hall, corexii_hall_statues_i,
          corexii_hall_statues_x
D:4:      layout_loops_ring, minmay_temple_entry_stoned_glass
D:5:      layout_cave_pools, nicolae_gozag_cash_rules_everything_around_me,
          serial_park_tiny_pond, uniq_sigmund
D:6:      layout_rooms, grunt_dithmenos_smoke, serial_undead, serial_undead_d,
          serial_undead_f, serial_undead_d, serial_undead_c, serial_undead_e,
          kb_rosetta
D:7:      layout_cave_pods
D:8:      layout_basic, lemuel_mausoleum_altar_yredelemnul,
          hangedman_little_slice_of_home, uniq_maurice
D:9:      layout_rooms, david_orc_4, xom_redecorated
D:10:     layout_irregular_city, wad_floor_pattern_untrapped
D:11:     layout_basic, lair_entry_dummy, gauntlet_entry_generic
D:12:     layout_irregular_city
D:13:     layout_stronghold, lightli_vaults_fourway_checkpoint,
          nicolae_trove_entry_path_of_doom, uniq_erolcha
D:14:     layout_gridville, ebering_dispersal_statue_hall, minmay_misc_feat_chi,
          uniq_roxanne
D:15:     grunt_enter_depths_giant_problem, layout_rooms,
          ebering_ghost_reflecting_pool, minmay_librarian
Lair:1:   layout_small_grid, beast_lair_carwin_9, infiniplex_staircase_pool_2,
          lemuel_fruit_tree
Lair:2:   layout_gridlike, lemuel_fruit_fields
Lair:3:   layout_cave_pods
Lair:4:   layout_gridlike, minmay_shoals_entry_lonely_mermaid,
          dummy_spider_entry
Lair:5:   layout_roguey, slime_dummy, minmay_holes, st_stairs_9,
          grunt_megastairs_5, serial_bayou_shore_b, uniq_josephine
Lair:6:   grunt_lair_end_beastmaster, layout_hall_layers, grunt_megastairs_4,
          serial_bayou_shore_b
Shoals:1: layout_shoals, abandoned_shop
Shoals:2: cheibrodos_shoals_satyrical_garden, layout_shoals, serial_shops,
          nicolae_shop_crystal, uniq_nikola
Orc:1:    layout_caves, uniq_snorg
Orc:2:    grunt_orc_gardens, layout_caves, grunt_orc_garden, grunt_orc_garden,
          grunt_orc_garden, grunt_orc_garden

Skill      XL: |  1  2  3  4  5  6  7  8  9 10 11 12 13 14 15 |
---------------+----------------------------------------------+-----
Polearms       | 4 5 6 7 9 10 12 14 | 14.0
Hexes          | 3 4 5 6 7 |  7.0
Charms         | 4 5 6 7 |  7.0
Fighting       | 4 6 10 11 12 13 14 | 14.9
Necromancy     | 2 4 5 6 7 |  7.0
Spellcasting   | 3 4 |  4.0
Dodging        | 9 10 | 10.2
Translocations | 2 3 |  3.3
Shields        | 5 8 10 12 | 12.5
Evocations     | 3 5 |  5.0
Invocations    | 4 7 8 |  8.9
Armour         | |  0.6

Action                   |  1- 3 |  4- 6 |  7- 9 | 10-12 | 13-15 || total
-------------------------+-------+-------+-------+-------+-------++-------
Melee: Spear             |    87 |   160 |   107 |       |       ||   354
       Trident           |       |       |   253 |   701 |  1202 ||  2156
       Tailslap          |       |       |       |       |     4 ||     4
Throw: Stone             |    13 |       |       |       |       ||    13
       Boomerang         |     4 |     3 |       |       |       ||     7
       Dart              |       |       |     5 |       |       ||     5
 Cast: Infusion          |    17 |     5 |       |       |       ||    22
       Song of Slaying   |       |     2 |     8 |    13 |    16 ||    39
       Spectral Weapon   |       |     4 |    25 |    67 |   126 ||   222
       Regeneration      |       |       |       |    30 |    62 ||    92
       Apportation       |       |       |       |     2 |       ||     2
Invok: Recall Ancestor   |       |       |     3 |     1 |    11 ||    15
       Ancestor Life: He |       |       |     1 |       |       ||     1
Evoke: Wand              |       |       |       |    13 |     9 ||    22
  Use: Potion            |       |       |     1 |     6 |     4 ||    11
       Scroll            |       |       |       |    24 |    17 ||    41
 Stab: Sleeping          |     1 |     1 |     1 |     1 |       ||     4
       Distracted        |       |     2 |     7 |    11 |    22 ||    42
       Confused          |       |       |     3 |     4 |     8 ||    15
       Paralysed         |       |       |       |     5 |    12 ||    17
  Eat: Chunk             |     3 |     6 |    11 |    19 |    36 ||    75
       Ration            |       |     1 |     1 |     6 |     5 ||    13
Armor: Robe              |     5 |    11 |     9 |       |       ||    25
       Leather armour    |       |       |    61 |    97 |   143 ||   301
Dodge: Dodged            |    24 |    74 |   145 |   240 |   409 ||   892
Block: Shield            |       |       |       |       |   200 ||   200

Table legend:
 A = Non-vault XP
 B = Vault XP
 C = Vault XP percentage of total XP
 D = Non-vault monster count
 E = Vault monster count
 F = Vault count percentage of total count
                 A         B        C        D         E       F
            +---------+---------+-------+---------+---------+-------
      Total |   96075 |   24970 |  20.6 |     561 |     110 |  16.4
            +---------+---------+-------+---------+---------+-------
        D:1 |      38 |       0 |   0.0 |      21 |       0 |   0.0
        D:2 |      69 |       0 |   0.0 |      22 |       0 |   0.0
        D:3 |     294 |       0 |   0.0 |      25 |       0 |   0.0
        D:4 |     322 |       0 |   0.0 |      20 |       0 |   0.0
        D:5 |     438 |       0 |   0.0 |      25 |       0 |   0.0
        D:6 |    1133 |     442 |  28.1 |      31 |      19 |  38.0
        D:7 |    1153 |       0 |   0.0 |      20 |       0 |   0.0
        D:8 |    1651 |    1346 |  44.9 |      45 |      21 |  31.8
        D:9 |    1749 |     710 |  28.9 |      20 |      16 |  44.4
       D:10 |    2779 |       0 |   0.0 |      22 |       0 |   0.0
       D:11 |    3807 |       0 |   0.0 |      20 |       0 |   0.0
       D:12 |    7256 |       0 |   0.0 |      33 |       0 |   0.0
       D:13 |   11994 |    6285 |  34.4 |      47 |      13 |  21.7
       D:14 |    7194 |       0 |   0.0 |      15 |       0 |   0.0
       D:15 |    2071 |     623 |  23.1 |       5 |       1 |  16.7
     Lair:1 |    3451 |    1393 |  28.8 |      17 |       5 |  22.7
     Lair:2 |    3559 |       0 |   0.0 |      13 |       0 |   0.0
     Lair:3 |    5944 |       0 |   0.0 |      24 |       0 |   0.0
     Lair:4 |    5834 |     474 |   7.5 |      27 |       1 |   3.6
     Lair:5 |    3440 |    1675 |  32.7 |      12 |       5 |  29.4
     Lair:6 |   14111 |    8941 |  38.8 |      42 |      20 |  32.3
   Shoals:1 |   12127 |       0 |   0.0 |      27 |       0 |   0.0
   Shoals:2 |    4447 |       0 |   0.0 |       9 |       0 |   0.0
      Orc:1 |    1031 |     136 |  11.7 |      15 |       1 |   6.2
      Orc:2 |     183 |       0 |   0.0 |       4 |       0 |   0.0
   Gauntlet |       0 |    2945 | 100.0 |       0 |       8 | 100.0
            +---------+---------+-------+---------+---------+-------
